 Dungeon Crawl Stone Soup version 0.28-a0-1412-gf95308ed99 (webtiles) character file.

Game seed: 5532354211519496634

77 voltaire321 the Chopper (level 4, -11/34 HPs)
             Began as a Demonspawn Gladiator on Jan 6, 2022.
             Killed by nerve-wracking pain
             ... invoked by Grinder
              (12 damage)
             ... on level 3 of the Dungeon.
             The game lasted 00:03:32 (1937 turns).

voltaire321 the Chopper (Demonspawn Gladiator)      Turns: 1937, Time: 00:03:32

Health: -11/34     AC: 10    Str: 16    XL:     4   Next: 13%
Magic:  4/4        EV:  7    Int: 10    God:
Gold:   100        SH:  0    Dex: 14    Spells: 3/3 levels left

rFire   . . .      SeeInvis .   a - +0 war axe
rCold   . . .      Faith    .   (no shield)
rNeg    . . .      Spirit   .   n - +0 chain mail
rPois   .          Reflect  .   c - +0 helmet
rElec   .          Harm     .   j - +0 cloak
rCorr   .          Rampage  .   (no gloves)
Will    .....                   (no boots)
Stlth   ..........              (no amulet)
HPRegen 0.11/turn               (no ring)
MPRegen 0.09/turn               (no ring)

@: no status effects
A: spiny 1
a: no special abilities


You were on level 3 of the Dungeon.
You visited 1 branch of the dungeon, and saw 3 of its levels.

You collected 100 gold pieces.

Inventory:

Hand Weapons
 a - a +0 war axe (weapon)
 b - the +7 mace "Kirooth" {flame, Dex+2}
   (You found it on level 3 of the Dungeon)

   It burns those it strikes, dealing additional fire damage.
   Dex:       It affects your dexterity (+2).
Missiles
 d - 3 throwing nets (quivered)
Armour
 c - a +0 helmet (worn)
 j - a +0 cloak (worn)
 n - a +0 chain mail (worn)
Jewellery
 h - a ring of flight
Scrolls
 e - a scroll of silence {unknown}
 i - a scroll of amnesia {unknown}
Potions
 f - a potion of invisibility {unknown}
 g - a potion of degeneration {unknown}
 k - 2 potions of curing {unknown}
 l - a potion of cancellation {unknown}
 m - a potion of ambrosia {unknown}


   Skills:
 + Level 2.6 Fighting
 + Level 3.1 Axes
 + Level 2.3 Throwing
 + Level 1.3 Armour
 + Level 3.1 Dodging


You had 3 spell levels left.
You didn't know any spells.
Your spell library was empty.

Dungeon Overview and Level Annotations

Branches:
Dungeon (3/15)

Altars:

Annotations:
D:3 Grinder


Innate Abilities, Weirdness & Mutations

You are partially covered in sharp spines.


Message History

You slash the kobold!
You kill the kobold!
You slash the adder! The adder bites you but does no damage.
You have reached level 4!
You feel clever.
You miss the adder. You punch the adder.
The adder is almost dead.
The adder is struck by your spines.
You kill the adder!
You see here an adder corpse.
Grinder comes into view.
Grinder shouts!
Grinder gestures at you. Pain shoots through your body!
You hear the slow rusting of a drain very nearby.
Grinder blinks!
Grinder gestures at you.
You suddenly lose the ability to move!
Grinder hits you but does no damage. Grinder gestures at you.
Pain shoots through your body!
You can move again.
You slash Grinder!
Grinder is moderately wounded.
Grinder hits you.
You hit Grinder.
Grinder is moderately wounded.
Grinder hits you but does no damage.
You hit Grinder but do no damage.
Grinder is moderately wounded.
Grinder is struck by your spines. Grinder hits you.
You writhe in agony.
Grinder is struck by your spines. Grinder hits you!
* * * LOW HITPOINT WARNING * * *
You writhe in agony.
* * * LOW HITPOINT WARNING * * *
You closely miss Grinder.
Grinder is heavily wounded.
Grinder gestures at you. Pain shoots through your body!
You die...

#....######
#....#
#####..
#....###.....
#...)†...#
#........#
#........#
#........#
#.......5#
####....@#
...####.# ...
#.# .... #.#
.. ..# ###


You could see Grinder.

Vanquished Creatures
  3 adders
  A dart slug (D:2)
  6 bats
  2 giant cockroaches (D:1)
  3 goblins
  4 hobgoblins
  5 jackals
  2 quokkas (D:1)
  6 ball pythons
  3 frilled lizards
  8 kobolds
  3 rats (D:1)
46 creatures vanquished.

Notes
Turn   | Place    | Note
-------+----------+-------------------------------------------
     0 | D:1      | voltaire321 the Demonspawn Gladiator began the quest for
                  | the Orb.
     0 | D:1      | Reached XP level 1. HP: 16/16 MP: 1/1
   166 | D:1      | Gained mutation: You are partially covered in sharp spines.
                  | [demonic ancestry]
   166 | D:1      | Reached XP level 2. HP: 21/22 MP: 2/2
   592 | D:1      | Reached XP level 3. HP: 27/28 MP: 3/3
   873 | D:2      | Reached skill level 1 in Armour
  1784 | D:2      | Found a faded altar of an unknown god.
  1898 | D:3      | Identified the +7 mace "Kirooth" {flame, Dex+2}
  1923 | D:3      | Reached XP level 4. HP: 34/34 MP: 4/4
  1925 | D:3      | Noticed Grinder
  1929 | D:3      | Paralysed by Grinder for 5 turns
  1936 | D:3      | HP: 1/34 [Grinder (5)]
  1937 | D:3      | Killed from afar by Grinder

Illustrated notes

Levels and vault maps discovered:
D:1:      dpeg_arrival_boxes_within_box, layout_basic
D:2:      layout_basic, shapermc_ecumenical_altar_notcrosses,
          minmay_tetromino_l4
D:3:      layout_basic, gammafunk_temple_overflow_pools,
          cheibrodos_sewer_entry_drain, uniq_grinder

Skill      XL: |  1  2  3 |
---------------+----------+-----
Throwing       | 2 |  2.3
Axes           | 3 |  3.1
Armour         | 1 |  1.3
Dodging        | 3 |  3.1
Fighting       | |  2.6

Action                   |  1- 3 |  4- 6 || total
-------------------------+-------+-------++-------
Melee: War axe           |    85 |     5 ||    90
       Punch             |       |     1 ||     1
 Stab: Sleeping          |     3 |       ||     3
Armor: Leather armour    |    21 |       ||    21
       Chain mail        |     6 |     2 ||     8
Dodge: Dodged            |    76 |       ||    76

Table legend: (Time is in decaauts)
 A = Elapsed time spent in this place.
 B = Non-inter-level travel time spent in this place.
 C = Inter-level travel time spent in this place.
 D = Time resting spent in this place.
 E = Time spent auto-exploring this place.
 F = Levels seen in this place.
 G = Mean time per level.
                   A        B        C        D        E       F      G
               +--------+--------+--------+--------+--------+-----+--------+
         Total |   1967 |   1927 |     40 |      0 |   1540 |   3 |  655.7 |
       Dungeon |   1967 |   1927 |     40 |      0 |   1540 |   3 |  655.7 |
               +--------+--------+--------+--------+--------+-----+--------+

Top non-repeatable levels by time:
     D:2: 1035 daAuts
     D:1: 871 daAuts
     D:3: 60 daAuts
